 Dungeon Crawl Stone Soup version 0.31-a0-166-g46f44d267d (webtiles) character file.

Game seed: 4672566764218931432

3070 qw the Skirmisher (level 9, 0/59 HPs)
             Began as a Gargoyle Hunter on June 13, 2023.
             Was an Initiate of Okawaru.
             Killed from afar by an acid dragon (12 damage)
             ... with a splash of acid
             ... on level 8 of the Dungeon.
             The game lasted 00:02:09 (5603 turns).

qw the Skirmisher (Gargoyle Hunter)                 Turns: 5603, Time: 00:02:10

Health: 0/59       AC: 18    Str: 16    XL:     9   Next: 88%
Magic:  9/9        EV: 12    Int:  9    God:    Okawaru [......]
Gold:   447        SH:  0    Dex: 17    Spells: 8/8 levels left

rFire   . . .        Y - +0 orcbow
rCold   + . .        (shield currently unavailable)
rNeg    + + .        e - +1 ring mail of Robryin {rN+}
rPois   inf          k - +1 helmet
rElec   +            (no cloak)
rCorr   .            i - +2 pair of gloves
SInv    .            (no boots)
Will    .....        o - amulet of faith
Stlth   +            f - ring of protection from cold
HPRegen 0.29/turn    (no ring)
MPRegen 0.11/turn

%: faith
@: about to teleport
A: sickness immunity, AC +6, negative energy resistance 1, electricity
resistance, torment resistance 1, petrification resistance
a: Renounce Religion


You were on level 8 of the Dungeon.
You worshipped Okawaru.
Okawaru was noncommittal.
You visited 2 branches of the dungeon, and saw 9 of its levels.

You collected 517 gold pieces.
You spent 70 gold pieces at shops.


Innate Abilities, Weirdness & Mutations

You are immune to sickness and miasma.
Your stone body is resilient. (AC +6)
You are immune to poison.
You resist negative energy. (rN+)
You are resistant to electric shocks. (rElec)
You are resistant to unholy torment.
You are immune to petrification.


   Skills:
 - Level 8.0 Fighting
 + Level 11.1 Ranged Weapons
 - Level 3.4 Armour
 - Level 3.2 Dodging
 - Level 1.1 Stealth


You had 8 spell levels left.
You didn't know any spells.
Your spell library was empty.

Inventory:

Hand Weapons
 Y - a +0 orcbow (weapon)
Armour
 e - the +1 ring mail of Robryin (worn) {rN+}
   (You found it on level 6 of the Dungeon)

   rN:        It protects you from negative energy.
 i - a +2 pair of gloves (worn)
 k - a +1 helmet (worn)
Jewellery
 f - a ring of protection from cold (left hand)
 o - an amulet of faith (around neck)
Scrolls
 a - a scroll of identify
Potions
 c - a potion of cancellation
 d - 2 potions of attraction
 g - a potion of lignification
 h - a potion of enlightenment {unknown}
 j - 7 potions of curing
 l - a potion of magic {unknown}
 m - 4 potions of might
 n - a potion of resistance
 p - a potion of brilliance {unknown}
 q - a potion of degeneration {unknown}

Dungeon Overview and Level Annotations

Branches:
Dungeon (8/15)             Temple (1/1) D:5
   Lair: D:8-11

Altars:
Cheibriados
Dithmenos
Fedhas
Gozag
Hepliaklqana
Nemelex Xobeh
Okawaru
Qazlal
Ru
Sif Muna
Trog
Uskayaw
Wu Jian
Yredelemnul
Zin
The Shining One

Shops:
D:2 !   D:4 *

Annotations:
D:3 1 runed translucent door, qw's ghost, amateur NaHu
D:4 1 runed translucent door, Crazy Yiuf


Message History

The orc wizard mumbles some strange words.
The orc wizard flickers and vanishes!
Deactivating autopickup; reactivate with Ctrl-A.
The orc warrior hits you from afar with a +0 trident.
You shoot an arrow. The arrow hits the water moccasin.
The water moccasin is heavily wounded.
The water moccasin bites you but does no damage.
Something hits you but does no damage.
The orc warrior hits you from afar with a +0 trident.
You shoot an arrow.
The arrow barely misses the water moccasin.
The arrow hits the orc warrior.
The orc warrior is severely wounded.
The water moccasin closely misses you. Something hits you but does no damage.
The orc warrior hits you from afar with a +0 trident.
The acid dragon spits acid at you.
The splash of acid hits something!!
The acid corrodes something!
Reactivating autopickup.
The water moccasin bites you but does no damage.
You shoot an arrow.
The arrow closely misses the water moccasin.
The arrow hits the orc warrior.
The orc warrior is severely wounded.
The water moccasin misses you.
The orc warrior hits you from afar with a +0 trident!
5602 ||| READING scroll of teleportation.
As you read the scroll of teleportation, it crumbles to dust.
You feel strangely unstable.
The water moccasin bites you but does no damage.
The orc warrior hits you but does no damage.
The acid dragon bites you but does no damage.
The acid dragon closely misses you.
You shoot an arrow.
The arrow barely misses the water moccasin.
The arrow closely misses the orc warrior.
The water moccasin bites you but does no damage.
The water moccasin closely misses you. The orc warrior misses you.
The acid dragon spits acid at you. The splash of acid hits you!
You die...

....... ?...... .......
..).... ....... .o...
##########S.# #....##..@D#
#....#..##################
#....#.##...............<#
#....#.##.########.......#
#....#'##.# #.#####.#
+.......#.# #.# #.#
######.....[.#.# #.# #.#
#............#.# #.# #.#
#......<>....#.# #.# #.#


You could see an orc warrior, a water moccasin and an acid dragon (catching
breath).

Vanquished Creatures
  Pikel (D:5)
  Grinder (D:3)
  Sigmund (D:5)
  A water moccasin (D:5)
  3 black bears
  2 ice beasts
  An ogre (D:5)
  A centaur (D:6)
  A phantom (D:7)
  A lemure (D:5)
  2 kobold brigands
  A bullfrog (D:7)
  A gnoll sergeant (D:6)
  3 scorpions (D:5)
  4 killer bees (D:7)
  2 howler monkeys (D:7)
  4 hounds
  2 gnoll boudas
  2 orc priests
  2 jellies
  A sleepcap (D:4)
  4 iguanas
  An orc wizard (D:5)
  Natasha (thrice) (D:3)
  Robin (D:4)
  10 gnolls
  5 adders
  An ufetubus (D:6)
  A worm (D:3)
  3 dart slugs
  13 orcs
  3 bats (D:2)
  4 endoplasms
  18 goblins
  2 hobgoblins
  4 jackals (D:1)
  5 quokkas
  11 ball pythons
  4 frilled lizards (D:1)
  15 kobolds
  4 rats
149 creatures vanquished.

Vanquished Creatures (others)
  2 orc wizards
2 creatures vanquished.

Grand Total: 151 creatures vanquished

Notes
Turn   | Place    | Note
-------+----------+-------------------------------------------
     0 | D:1      | qw the Gargoyle Hunter began the quest for the Orb.
     0 | D:1      | Reached XP level 1. HP: 12/12 MP: 1/1
     0 | D:1      | 0 ||| qw: Version: 0.2-a-29-gc1b59c4
     0 | D:1      | 0 ||| qw: Game counter: 4842
     0 | D:1      | 0 ||| qw: Always use a shield: true
     0 | D:1      | 0 ||| qw: God list: Okawaru
     0 | D:1      | 0 ||| qw: Allow faded altars: false
     0 | D:1      | 0 ||| qw: Do Orc after D:15 true
     0 | D:1      | 0 ||| qw: Do second Lair branch before Depths: true
     0 | D:1      | 0 ||| qw: Lair rune preference: random
     0 | D:1      | 0 ||| qw: Plans: Normal, Zot:1-4, Slime:5, God:TSO, Crypt,
                  | Tomb, Abyss, Pan, Hells, Win
     0 | D:1      | 0 ||| PLANNING D:1-11
    62 | D:1      | Reached XP level 2. HP: 9/17 MP: 2/2
    86 | D:1      | 86 ||| FLEEEEING.
   326 | D:1      | HP: 3/17 [quokka (4)]
   528 | D:1      | Reached XP level 3. HP: 20/21 MP: 3/3
   551 | D:1      | Reached skill level 5 in Ranged Weapons
   685 | D:1      | 685 ||| UPGRADING to +0 pair of gloves.
   690 | D:1      | 690 ||| UPGRADING to ring of protection from cold.
   691 | D:1      | 691 ||| READING scroll labelled UTHIBI KAHAUSK.
   692 | D:1      | 692 ||| READING scroll labelled YGGO YGRECH.
   693 | D:1      | 693 ||| DROPPING scroll of butterflies.
   728 | D:2      | 728 ||| READING 2 scrolls of enchant weapon.
   728 | D:2      | 728 ||| ENCHANTING +1 shortbow.
   729 | D:2      | 729 ||| READING scroll of enchant weapon.
   729 | D:2      | 729 ||| ENCHANTING +2 shortbow.
  1046 | D:2      | Found Assyb's Distillery.
  1060 | D:2      | 1060 ||| SHOPLISTING 2 potions of cancellation (160 gold,
                  | have 93).
  1060 | D:2      | 1060 ||| BUYING potion of curing (30 gold).
  1060 | D:2      | Bought a potion of curing for 30 gold pieces
  1060 | D:2      | 1060 ||| SHOPLISTING potion of haste (100 gold, have 63).
  1060 | D:2      | 1060 ||| BUYING potion of might (40 gold).
  1060 | D:2      | Bought a potion of might for 40 gold pieces
  1060 | D:2      | 1060 ||| SHOPLISTING potion of mutation (80 gold, have 23).
  1060 | D:2      | 1060 ||| SHOPLISTING potion of resistance (100 gold, have
                  | 23).
  1147 | D:2      | 1147 ||| UPGRADING to +1 helmet.
  1152 | D:2      | 1152 ||| READING 2 scrolls labelled BIFUAR OSTAOMI.
  1153 | D:2      | 1153 ||| READING scroll labelled RABIUL PAULUSTRUH.
  1154 | D:2      | 1154 ||| READING scroll labelled HYNUVUEDAR.
  1155 | D:2      | 1155 ||| READING scroll labelled ULIECWERUH.
  1156 | D:2      | 1156 ||| READING scroll labelled MURPHI ETSORICS.
  1226 | D:3      | Reached skill level 3 in Fighting
  1282 | D:3      | Reached XP level 4. HP: 28/28 MP: 4/4
  1283 | D:3      | Reached skill level 1 in Armour
  1300 | D:3      | Found a faded altar of an unknown god.
  1306 | D:3      | Noticed Natasha
  1307 | D:3      | Killed Natasha
  1320 | D:3      | Noticed Grinder
  1321 | D:3      | Noticed Natasha
  1322 | D:3      | Killed Natasha
  1327 | D:3      | Killed Grinder
  1328 | D:3      | Reached skill level 7 in Ranged Weapons
  1328 | D:3      | Reached XP level 5. HP: 32/32 MP: 5/5
  1328 | D:3      | Reached XP level 6. HP: 37/37 MP: 6/6
  1484 | D:3      | Noticed Natasha
  1491 | D:3      | Killed Natasha
  1564 | D:3      | Found a runed translucent door.
  1564 | D:3      | Noticed qw's ghost (amateur NaHu)
  1674 | D:3      | 1674 ||| UPGRADING to +0 ring mail.
  1684 | D:3      | 1684 ||| DROPPING +0 leather armour.
  1685 | D:3      | 1685 ||| READING scroll labelled ROMAPURE CARI.
  1686 | D:3      | 1686 ||| READING scroll labelled FONNOVVUI.
  1884 | D:4      | Noticed a black bear
  1888 | D:4      | Killed a black bear
  1889 | D:4      | Reached XP level 7. HP: 44/44 MP: 7/7
  1899 | D:4      | Found Jiyrenn's Overcharged Wands.
  1911 | D:4      | 1911 ||| SHOPLISTING wand of digging (11) (693 gold, have
                  | 45).
  2073 | D:4      | Noticed Robin
  2078 | D:4      | Killed Robin
  2113 | D:4      | 2113 ||| FLEEEEING.
  2115 | D:4      | 2115 ||| FLEEEEING.
  2116 | D:4      | 2116 ||| FLEEEEING.
  2117 | D:4      | 2117 ||| FLEEEEING.
  2118 | D:4      | 2118 ||| FLEEEEING.
  2119 | D:4      | 2119 ||| FLEEEEING.
  2122 | D:4      | 2122 ||| STAIRDANCE
  2516 | D:4      | Found a runed translucent door.
  2517 | D:4      | Noticed Crazy Yiuf
  2589 | D:4      | Reached skill level 8 in Ranged Weapons
  2758 | D:4      | 2758 ||| READING 2 scrolls of identify.
  2758 | D:4      | 2758 ||| IDENTIFYING glowing sapphire potion
  2788 | D:5      | Entered Level 5 of the Dungeon
  2811 | D:5      | Reached XP level 8. HP: 49/49 MP: 8/8
  2898 | D:5      | 2898 ||| READING scroll of enchant armour.
  2898 | D:5      | 2898 ||| ENCHANTING +0 pair of gloves.
  3095 | D:5      | Found a staircase to the Ecumenical Temple.
  3096 | D:5      | 3096 ||| PLANNING TEMPLE
  3125 | D:5      | Noticed Pikel
  3137 | D:5      | Killed Pikel
  3138 | D:5      | Reached skill level 10 in Ranged Weapons
  3227 | D:5      | Noticed Sigmund
  3233 | D:5      | Killed Sigmund
  3234 | D:5      | Reached skill level 6 in Fighting
  3234 | D:5      | Reached XP level 9. HP: 53/56 MP: 9/9
  3260 | D:5      | 3260 ||| READING scroll of enchant weapon.
  3260 | D:5      | 3260 ||| ENCHANTING +3 heavy shortbow.
  3345 | D:5      | 3345 ||| READING scroll of enchant armour.
  3345 | D:5      | 3345 ||| ENCHANTING +1 pair of gloves.
  3412 | D:5      | Reached skill level 3 in Armour
  3565 | D:5      | 3565 ||| READING scroll labelled NALU TYRU.
  3570 | D:5      | 3570 ||| READING scroll labelled DEUNWOYPAR.
  3767 | D:6      | 3767 ||| READING scroll of enchant weapon.
  3767 | D:6      | 3767 ||| ENCHANTING +4 heavy shortbow.
  3987 | D:6      | 3987 ||| UPGRADING to amulet of faith.
  3992 | D:6      | 3992 ||| READING scroll labelled LEGOIMP EQEOL.
  3993 | D:6      | 3993 ||| DRINKING 2 puce potions.
  4127 | D:6      | HP: 7/57 [centaur/arrow (11)]
  4127 | D:6      | HP: 2/57 [centaur/arrow (5)]
  4260 | D:6      | 4260 ||| FLEEEEING.
  4352 | D:6      | 4352 ||| SWAPPING to +0 orcbow.
  4356 | D:6      | 4356 ||| DROPPING +5 heavy shortbow.
  4361 | D:6      | Identified the +1 ring mail of Robryin {rN+}
  4384 | D:6      | 4384 ||| UPGRADING to +1 ring mail of Robryin {rN+}.
  4394 | D:6      | 4394 ||| DROPPING +0 ring mail.
  4395 | D:6      | 4395 ||| READING scroll labelled EZUKLURIAR.
  4396 | D:6      | 4396 ||| READING 2 scrolls of identify.
  4396 | D:6      | 4396 ||| IDENTIFYING bubbling silvery potion
  4411 | Temple   | Entered the Ecumenical Temple
  4415 | Temple   | 4415 ||| PLANNING OKAWARU WORSHIP
  4506 | Temple   | Became a worshipper of Warmaster Okawaru
  4506 | Temple   | 4506 ||| PLANNING D:1-11
  4804 | D:7      | 4804 ||| FLEEEEING.
  4807 | D:7      | 4807 ||| FLEEEEING.
  4808 | D:7      | 4808 ||| FLEEEEING.
  4810 | D:7      | 4810 ||| FLEEEEING.
  4811 | D:7      | 4811 ||| FLEEEEING.
  4827 | D:7      | Reached skill level 11 in Ranged Weapons
  4911 | D:7      | Reached skill level 3 in Dodging
  5157 | D:7      | HP: 14/57 [killer bee (3)]
  5159 | D:7      | Reached * piety under Okawaru
  5160 | D:7      | 5160 ||| INVOKING Heroism.
  5163 | D:7      | HP: 9/58 [killer bee (1)]
  5175 | D:7      | HP: 6/59 [hound (2)]
  5181 | D:7      | HP: 1/59 [howler monkey (5)]
  5187 | D:7      | 5187 ||| INVOKING Heroism.
  5188 | D:7      | 5188 ||| INVOKING Heroism.
  5406 | D:7      | 5406 ||| READING 3 scrolls of identify.
  5406 | D:7      | 5406 ||| IDENTIFYING cyan potion
  5407 | D:7      | 5407 ||| READING 2 scrolls of identify.
  5407 | D:7      | 5407 ||| IDENTIFYING bubbling cyan potion
  5408 | D:7      | 5408 ||| DROPPING potion of invisibility.
  5579 | D:8      | 5579 ||| INVOKING Heroism.
  5587 | D:8      | 5587 ||| DRINKING 8 potions of curing.
  5587 | D:8      | 5587 ||| (to cure confusion)
  5601 | D:8      | HP: 12/59 [orc warrior/+0 trident (8)]
  5602 | D:8      | 5602 ||| READING scroll of teleportation.
  5603 | D:8      | Killed from afar by an acid dragon

Levels and vault maps discovered:
D:1:      dpeg_arrival_signposts, layout_basic, dreamdust_mushroom_princess,
          minmay_surrounded
D:2:      layout_rooms, serial_shops, shop, kennysheep_path_1
D:3:      layout_rooms, hellmonk_ecumenical_altar_zigzags,
          gammafunk_ghost_grave, uniq_natasha, uniq_grinder
D:4:      nicolae_BIG_FREAKIN_CUBE, layout_layer_cave,
          nicolae_shop_overcharged_wands, uniq_crazy_yiuf_cottage, uniq_robin
D:5:      layout_loops_ring, minmay_temple_entry_from_below_a, uniq_pikel,
          uniq_sigmund
D:6:      layout_basic, kennysheep_generic_room_16
D:7:      layout_rooms, feat_on_display
D:8:      layout_basic, special_room [special_room_orc]
Temple:   lightli_temple_of_artemis

Skill      XL: |  1  2  3  4  5  6  7  8  9 |
---------------+----------------------------+-----
Ranged Weapons | 5 7 8 10 11 | 11.1
Fighting       | 3 4 5 6 8 |  8.0
Armour         | 1 2 3 |  3.4
Dodging        | 2 3 |  3.2
Stealth        | |  1.1

Action                     |  1- 3 |  4- 6 |  7- 9 || total
---------------------------+-------+-------+-------++-------
   Fire: Shortbow          |   104 |    60 |   171 ||   335
         Orcbow            |       |       |   163 ||   163
 Invoke: Heroism           |       |       |     3 ||     3
    Use: Scroll            |     9 |     2 |    13 ||    24
         Potion            |       |       |     2 ||     2
 Armour: Leather armour    |    28 |     7 |       ||    35
         Ring mail         |       |    11 |   178 ||   189
  Dodge: Dodged            |    39 |    26 |   213 ||   278

Table legend:
 A = Non-vault XP
 B = Vault XP
 C = Vault XP percentage of total XP
 D = Non-vault monster count
 E = Vault monster count
 F = Vault count percentage of total count
                 A         B        C        D         E       F
            +---------+---------+-------+---------+---------+-------
      Total |    2945 |    1441 |  32.9 |     127 |      22 |  14.8
            +---------+---------+-------+---------+---------+-------
        D:1 |      37 |       5 |  11.9 |      23 |       3 |  11.5
        D:2 |      13 |       0 |   0.0 |       7 |       0 |   0.0
        D:3 |     138 |     307 |  69.0 |      23 |       2 |   8.0
        D:4 |     497 |      36 |   6.8 |      23 |      13 |  36.1
        D:5 |     783 |     852 |  52.1 |      14 |       2 |  12.5
        D:6 |     589 |     241 |  29.0 |      13 |       2 |  13.3
        D:7 |     844 |       0 |   0.0 |      22 |       0 |   0.0
        D:8 |      44 |       0 |   0.0 |       2 |       0 |   0.0
            +---------+---------+-------+---------+---------+-------
